 Dungeon Crawl Stone Soup version bcrawl-1.19.1 (webtiles) character file.

Game seed: 12313450571237996923

12078 Freyura the Cruncher (level 12, -1/94 HPs)
             Began as a Formicid Fighter on Nov 23, 2019.
             Was a High Priest of Elyvilon.
             Slain by an eight-headed hydra (5 damage)
             ... on level 2 of the Lair of Beasts.
             The game lasted 00:47:12 (10044 turns).

Freyura the Cruncher (Formicid Fighter)            Turns: 10044, Time: 00:47:12

Health: -1/94      AC: 19    Str: 18    XL:     12   Next: 15%
Magic:  0/17       EV: 18    Int: 12    God:    Elyvilon [*****.]
Gold:   328        SH: 13    Dex: 21    Spells: 11/11 levels left

rFire    x . .     SeeInvis +   a - +1 quarterstaff (protect)
rCold    + + .     Gourm    .   c - +1 shield
rNeg     . . .     Faith    .   o - +1 scale mail of the Dolphin {rElec rC+ rCorr Str-2}
rPois    .         Spirit   +   (helmet unavailable)
rElec    +         Reflect  .   g - scarf {Spirit}
rCorr    +         Harm     .   (no gloves)
MR       +....                  F - +2 pair of boots
Stlth    ..........             k - amulet of regeneration
HPRegen  0.65/turn              d - +4 ring of evasion
MPRegen  0.15/turn              b - ring "Meapuuxt" {Ice *Drain +Inv Dex+7 SInv}

@: protection aura
A: permanent stasis, dig shafts and tunnels, four strong arms, antennae 3,
clever 1, subdued magic 1
a: Dig, Shaft Self, Lesser Healing, Heal Other, Purification, Greater Healing,
Divine Vigour, Divine Protection, Renounce Religion, Evoke Invisibility


You were on level 2 of the Lair of Beasts.
You worshipped Elyvilon.
Elyvilon was extremely pleased with you.
You were not hungry.

You visited 3 branches of the dungeon, and saw 13 of its levels.

You collected 652 gold pieces.
You spent 324 gold pieces at shops.

Inventory:

Hand Weapons
 a - a +1 quarterstaff of protection (weapon)
 D - a +0 lajatang
Missiles
 y - a throwing net (quivered) {!f}
Armour
 c - a +1 shield (worn)
 g - a scarf of spirit shield (worn)
 j - a +2 cloak
 o - the +1 scale mail of the Dolphin (worn) {rElec rC+ rCorr Str-2}
   (You found it on level 9 of the Dungeon)

   It affects your strength (-2).
   It protects you from cold.
   It insulates you from electricity.
   It provides partial protection from all sources of acid and corrosion.
 u - the +4 scale mail of Ygodoige {rElec MR+, unknown}
   (You found it on level 2 of the Lair of Beasts)

   It insulates you from electricity.
   It affects your resistance to hostile enchantments.
 F - a +2 pair of boots (worn)
Jewellery
 b - the ring "Meapuuxt" (right hand) {Ice *Drain +Inv Dex+7 SInv}
   (You acquired it on level 2 of the Lair of Beasts)

   [ring of ice]

   It enhances your ice magic.
   It affects your dexterity (+7).
   It makes you vulnerable to fire.
   It protects you from cold.
   It lets you see invisible.
   It lets you turn invisible.
   It causes draining when unequipped.
 d - a +4 ring of evasion (left hand)
 k - an amulet of regeneration (around neck)
 n - an uncursed ring of resist corrosion
 z - a +3 ring of strength
 B - an uncursed ring of fire
Wands
 h - a wand of digging (7)
 m - a wand of polymorph (8)
 w - a wand of iceblast (7)
Scrolls
 l - 3 scrolls of identify
 v - a scroll of vulnerability
 A - a scroll of immolation
 C - 2 scrolls of remove curse {unknown}
 G - a scroll of magic mapping
Potions
 e - a potion of invisibility {unknown}
 p - 3 potions of lignification
 q - a potion of curing
 r - a potion of resistance {unknown}
 s - a potion of brilliance {unknown}
 t - a potion of heal wounds {unknown}
 x - a potion of ambrosia {unknown}
Comestibles
 f - 26 rations {!d}


   Skills:
 + Level 8.5 Fighting
 * Level 10.3 Staves
 + Level 8.6 Armour
 + Level 6.4 Dodging
 + Level 9.4 Shields
 + Level 7.5 Invocations


You had 11 spell levels left.
You didn't know any spells.
Your spell library contained the following spells:

 Spells                   Type           Power        Failure   Level  Hunger
 Infusion                 Chrm           #.......     61%         1    ##.....
 Sandblast                Erth           #.....       61%         1    ##.....
 Passwall                 Tmut/Erth      #.......     77%         2    ###....
 Song of Slaying          Chrm           #.......     77%         2    ###....
 Ozocubu's Armour         Chrm/Ice       #.......     94%         3    ####...
 Regeneration             Chrm/Necr      #.........   94%         3    ####...
 Spectral Weapon          Hex/Chrm       #.......     94%         3    ####...
 Stone Arrow              Conj/Erth      #.....       94%         3    ####...
 Petrify                  Tmut/Erth      #.......     100%        4    #####..
 Lee's Rapid Deconstruct  Erth           #.........   100%        5    ######.


Dungeon Overview and Level Annotations

Branches:
Dungeon (9/12)             Temple (1/1) D:5            Lair (3/6) D:9
 Spider (0/3) Lair:2
  Swamp: Lair:2-4    Shoals: Lair:2-4       Orc: D:8-11

Altars:
Ashenzari
Cheibriados
Dithmenos
Elyvilon
Fedhas
Gozag
Hepliaklqana
Kikubaaqudgha
Lugonu
Makhleb
Nemelex Xobeh
Okawaru
Qazlal
Ru
Sif Muna
Trog
Uskayaw
Vehumet
Wu Jian
Xom
Yredelemnul
Zin
The Shining One

Shops:
D:6 ?   D:7 =   D:8 :

Annotations:
D:6 3 runed translucent doors, petercordia5's ghost, novice FrAE
Lair:1 2 runed translucent doors, kroki's ghost, journeyman FrAE


Innate Abilities, Weirdness & Mutations

You cannot be hasted, slowed, berserked, paralysed or teleported.
You can dig through walls and to a lower floor.
Your four strong arms can wield two-handed weapons with a shield.
You have a pair of large antennae on your head. (SInv)
Your mind is acute. (Int +2)
Your spells are a little easier to cast, but a little less powerful.


Message History

The eight-headed hydra barely misses you.
You block the eight-headed hydra's attack. x4
The eight-headed hydra bites you.
* * * LOW HITPOINT WARNING * * *
The spriggan hits you but does no damage.
You hit the eight-headed hydra.
The eight-headed hydra is lightly wounded.
You barely miss the eight-headed hydra.
The eight-headed hydra is lightly wounded.
You block the spriggan's attack.
The eight-headed hydra bites you but does no damage.
You block the eight-headed hydra's attack.
The eight-headed hydra barely misses you.
The eight-headed hydra bites you.
* * * LOW HITPOINT WARNING * * *
The eight-headed hydra bites you but does no damage.
The eight-headed hydra completely misses you.
The eight-headed hydra closely misses you.
The eight-headed hydra bites you.
You die...

...............#............P##.(
##..#.........#....^.####........
#..####...#..........P.##....#...
#..# #########..................
##.# ##.).######.....P..
#.####### ###........####.###..
#.#.#.#.## #..†h..#...# #P.# #..
#........###..#D###.#.####.# #..
######.P..#...#@# ##.....#.# #..
###.#####..#P.#i.# ##...[..# #..
..............#..# ###P#.## #..
##..P.###..#..#..## ##########..
#######...#..#P..####P####..#...
#.......P.................
#####...PP.##.............
#..P........P.##P###..
######.#P##.###### ###


You could see an eight-headed hydra, a black bear and a spriggan.

Vanquished Creatures
  A two-headed ogre (D:9)
  An orb spider (Lair:2)
  An ugly thing (D:9)
  A cane toad (Lair:2)
  2 centaur skeletons
  A komodo dragon (Lair:1)
  4 trolls
  Grinder (D:3)
  3 blink frogs (Lair:2)
  A hippogriff (Lair:2)
  Sigmund (D:3)
  3 wyverns
  6 yaks
  4 hogs (D:7)
  3 hungry ghosts
  A human (D:7)
  A steam dragon (D:9)
  A crocodile (Lair:1)
  A water moccasin (Lair:2)
  4 ice beasts
  4 porcupines
  A hornet zombie (D:8)
  3 phantoms
  6 ogres
  3 sky beasts
  A wolf (Lair:2)
  3 centaurs
  A big kobold (D:7)
  6 bullfrogs
  Blork the orc (D:6)
  4 scorpions
  4 killer bees (D:8)
  2 wights (D:9)
  A howler monkey (D:5)
  4 crimson imps
  A centaur zombie (D:9)
  2 jellies
  7 orc priests
  9 orc wizards
  5 hounds
  Jessica (D:3)
  6 iguanas
  Ijyb (D:5)
  6 worker ants
  A killer bee zombie (D:7)
  2 hound zombies
  2 worker ant zombies
  A howler monkey skeleton (D:5)
  14 adders
  4 gnolls (D:8)
  A shadow imp (D:5)
  An ooze (D:2)
  An adder zombie (D:5)
  2 adder skeletons
  4 worms
  4 dart slugs
  7 leopard geckos
  33 orcs
  8 bats
  5 giant cockroaches
  5 goblins
  9 hobgoblins
  13 jackals
  20 kobolds
  5 quokkas
  4 ball pythons
  5 frilled lizards
  A jackal skeleton (D:4)
  5 rats
  A rat zombie (D:5)
281 creatures vanquished.

Vanquished Creatures (others)
  An orc priest (D:7)
  An orc wizard (D:4)
2 creatures vanquished.

Grand Total: 283 creatures vanquished

Notes
Turn   | Place    | Note
-------+----------+-------------------------------------------
     0 | D:1      | Freyura the Formicid Fighter began the quest for the Orb.
     0 | D:1      | Reached XP level 1. HP: 18/18 MP: 1/1
    46 | D:1      | Reached XP level 2. HP: 21/24 MP: 2/2
   291 | D:1      | Reached XP level 3. HP: 27/29 MP: 3/3
   978 | D:2      | Found a hazy altar of Hepliaklqana.
   979 | D:2      | Found a shimmering altar of Xom.
   979 | D:2      | Noticed a soldier ant
   982 | D:2      | Noticed a spectral ugly thing
   982 | D:2      | Noticed a soldier ant
  1203 | D:2      | Reached XP level 4. HP: 37/37 MP: 4/4
  1518 | D:2      | Reached skill level 3 in Staves
  1807 | D:3      | Reached skill level 1 in Dodging
  1816 | D:3      | Reached XP level 5. HP: 37/42 MP: 5/5
  1847 | D:3      | Noticed Grinder
  1872 | D:3      | Killed Grinder
  1872 | D:3      | Reached skill level 4 in Staves
  1872 | D:3      | Reached XP level 6. HP: 27/48 MP: 6/6
  2011 | D:3      | Reached XP level 7. HP: 52/55 MP: 7/7
  2281 | D:3      | Noticed Sigmund
  2305 | D:3      | Killed Sigmund
  2305 | D:3      | Reached skill level 5 in Shields
  2468 | D:3      | Found a white marble altar of Elyvilon.
  2545 | D:3      | Noticed Jessica
  2551 | D:3      | Killed Jessica
  2845 | D:3      | Became a worshipper of Elyvilon the Healer
  2905 | D:4      | Reached skill level 5 in Armour
  2933 | D:4      | Reached skill level 5 in Staves
  2936 | D:4      | Reached XP level 8. HP: 56/61 MP: 8/8
  3073 | D:4      | Reached skill level 1 in Invocations
  3081 | D:4      | Reached skill level 5 in Fighting
  3478 | D:4      | Gained mutation: Your mind is acute. (Int +2) [potion of
                  | mutation]
  3478 | D:4      | Lost mutation: Your mind is acute. (Int +2) [potion of
                  | mutation]
  3478 | D:4      | Gained mutation: Your spells are a little easier to cast,
                  | but a little less powerful. [potion of mutation]
  3478 | D:4      | Gained mutation: Your mind is acute. (Int +2) [potion of
                  | mutation]
  3489 | D:5      | Entered Level 5 of the Dungeon
  3492 | D:5      | Noticed Ijyb
  3513 | D:5      | Killed Ijyb
  3585 | D:5      | Reached * piety under Elyvilon
  3639 | D:5      | Reached skill level 6 in Staves
  3750 | D:5      | Found a staircase to the Ecumenical Temple.
  3765 | Temple   | Entered the Ecumenical Temple
  3957 | D:5      | Reached XP level 9. HP: 67/68 MP: 10/10
  4499 | D:5      | Found a sacrificial altar of Ru.
  4578 | D:6      | Noticed petercordia5's ghost (novice FrAE)
  4580 | D:6      | Noticed a brown ugly thing
  4581 | D:6      | Noticed a hippogriff
  4740 | D:6      | Reached ** piety under Elyvilon
  4740 | D:6      | Found a burning altar of Makhleb.
  4899 | D:6      | Found a runed translucent gate.
  4899 | D:6      | Found a runed translucent gate.
  4899 | D:6      | Found a runed translucent gate.
  5084 | D:6      | Noticed Blork the orc
  5092 | D:6      | Killed Blork the orc
  5098 | D:6      | Found Pioxtyar's Magic Scroll Boutique.
  5106 | D:6      | Bought a scroll of brand weapon for 220 gold pieces
  5326 | D:6      | Bought a scroll of identify for 22 gold pieces
  5326 | D:6      | Bought a scroll of enchant weapon for 82 gold pieces
  5708 | D:7      | Found a shimmering altar of Xom.
  5721 | D:7      | Reached skill level 7 in Staves
  6046 | D:7      | Reached *** piety under Elyvilon
  6065 | D:7      | Noticed a troll
  6080 | D:7      | Killed a troll
  6080 | D:7      | Reached XP level 10. HP: 62/77 MP: 10/13
  6230 | D:7      | Noticed a kobold demonologist
  6258 | D:7      | Found Reshre Qoecs's Jewellery Emporium.
  6533 | D:7      | Reached skill level 8 in Staves
  6533 | D:7      | Reached skill level 5 in Invocations
  6879 | D:8      | Reached skill level 5 in Dodging
  7008 | D:8      | Found a shattered altar of Ashenzari.
  7171 | D:8      | Found Toviph's Book Emporium.
  7205 | D:8      | Reached **** piety under Elyvilon
  7272 | D:8      | Reached XP level 11. HP: 78/84 MP: 15/15
  7487 | D:8      | Found a snail-covered altar of Cheibriados.
  7493 | D:8      | Found a basalt altar of Yredelemnul.
  7546 | D:8      | Reached skill level 9 in Staves
  7788 | D:8      | HP: 3/86 [troll (7)]
  7933 | D:9      | Noticed a cyan ugly thing
  7956 | D:9      | Killed a cyan ugly thing
  8068 | D:9      | Noticed a two-headed ogre
  8082 | D:9      | Killed a two-headed ogre
  8101 | D:9      | Got a polished scale mail
  8112 | D:9      | Identified the +1 scale mail of the Dolphin {rElec rC+
                  | rCorr Str-2} (You found it on level 9 of the Dungeon)
  8183 | D:9      | Found a bloodstained altar of Trog.
  8456 | D:9      | Found a staircase to the Lair.
  8567 | Lair:1   | Entered Level 1 of the Lair of Beasts
  8648 | Lair:1   | Reached skill level 10 in Staves
  8703 | Lair:1   | Reached ***** piety under Elyvilon
  8790 | Lair:1   | Found a large runed translucent door.
  8790 | Lair:1   | Found a large runed translucent door.
  8791 | Lair:1   | Noticed kroki's ghost (journeyman FrAE)
  9153 | Lair:2   | Identified a scroll of acquirement
  9154 | Lair:2   | Got a warped iron ring
  9156 | Lair:2   | Identified the ring "Meapuuxt" {Ice *Drain +Inv Dex+7 SInv}
                  | (You acquired it on level 2 of the Lair of Beasts)
  9201 | Lair:2   | Reached XP level 12. HP: 94/94 MP: 17/17
  9211 | Lair:2   | Got a warped scale mail
  9510 | Lair:2   | Found a hole to the Spider Nest.
  9916 | Lair:3   | Noticed an eight-headed hydra
 10044 | Lair:2   | HP: 4/94 [eight-headed hydra (3)]
 10044 | Lair:2   | Slain by an eight-headed hydra

Skill      XL: |  1  2  3  4  5  6  7  8  9 10 11 |
---------------+----------------------------------+-----
Shields        | 4 5 6 7 8 9 |  9.4
Armour         | 4 5 6 7 8 |  8.6
Staves         | 3 4 5 6 7 8 10 | 10.3
Dodging        | 1 2 3 4 5 6 |  6.4
Fighting       | 4 5 6 7 8 |  8.5
Invocations    | 2 4 5 7 |  7.5

Action                   |  1- 3 |  4- 6 |  7- 9 | 10-12 || total
-------------------------+-------+-------+-------+-------++-------
Melee: Quarterstaff      |   122 |   136 |   525 |   668 ||  1451
       Unarmed           |       |       |    14 |       ||    14
Evoke: Wand              |       |       |     1 |       ||     1
  Use: Scroll            |       |     1 |    14 |     6 ||    21
       Potion            |       |     2 |     1 |     4 ||     7
  Eat: Chunk             |     1 |     3 |    13 |    19 ||    36
       Ration            |       |       |     1 |       ||     1
Armor: Scale mail        |    61 |    70 |     9 |    52 ||   192
       Chain mail        |       |       |   138 |   182 ||   320
       Skin              |       |       |     1 |       ||     1
Dodge: Dodged            |    51 |    49 |   201 |   451 ||   752
Block: Shield            |    81 |    92 |   272 |   499 ||   944
